 Dungeon Crawl Stone Soup version 0.17.2-1-ge4368a0 (webtiles) character file.

222 Goblin1989 the Cudgeler (level 5, -1/32 HPs)
             Began as a Gargoyle Fighter on Dec 11, 2018.
             Killed by nerve-wracking pain
             ... invoked by an orc priest
              (10 damage)
             ... on level 3 of the Dungeon.
             The game lasted 00:03:26 (1459 turns).

Goblin1989 the Cudgeler (Gargoyle Fighter)          Turns: 1459, Time: 00:03:26

Health: -1/32      AC: 12    Str: 20    XL:     5   Next: 99%
Magic:  5/5        EV:  7    Int:  9    God:
Gold:   123        SH:  9    Dex:  9    Spells: 0 memorised, 4 levels left

rFire  . . .     SeeInvis .     a - +0 flail
rCold  . . .     Clarity  .     b - +0 scale mail
rNeg   + . .     SustAt   .     c - +0 shield
rPois  ∞         Gourm    .     (no helmet)
rElec  +         Spirit   .     t - -1 cloak (curse)
rCorr  .         Warding  .     (no gloves)
rMut   .         Stasis   .     g - +0 pair of boots
MR     .....                    (no amulet)
Stlth  ..........               (no ring)
                                (no ring)

@: not resistant to hostile enchantments, extremely unstealthy
A: negative energy resistance 1, electricity resistance, unbreathing,
petrification resistance, rot immunity, AC +4
a: no special abilities


You were on level 3 of the Dungeon.
You were not hungry.

You visited 1 branch of the dungeon, and saw 3 of its levels.

You collected 123 gold pieces.

Inventory:

Hand Weapons
 a - a +0 flail (weapon)
Armour
 b - a +0 scale mail (worn)
 c - a +0 shield (worn)
 g - a +0 pair of boots (worn)
 t - a cursed -1 cloak (worn)
Jewellery
 r - an uncursed ring of protection from cold {unknown}
Scrolls
 h - 2 scrolls of identify {unknown}
 k - 2 scrolls of amnesia {unknown}
 l - 2 scrolls of enchant armour {unknown}
 m - 3 scrolls of teleportation {unknown}
 n - a scroll of blinking {unknown}
 o - 2 scrolls of remove curse {unknown}
 p - a scroll of enchant weapon {unknown}
 q - a scroll of random uselessness {unknown}
Potions
 d - a potion of might
 j - a potion of magic {unknown}
 s - a potion of cure mutation {unknown}
 v - a potion of invisibility {unknown}
Comestibles
 e - 4 bread rations {@e1}
 f - 7 fruits
 i - 2 meat rations {@e2}
 u - 2 chunks of flesh


   Skills:
 - Level 3.2 Fighting
 + Level 6.0 Maces & Flails
 - Level 3.2 Armour
 - Level 3.2 Shields


You had 4 spell levels left.
You didn't know any spells.

Dungeon Overview and Level Annotations

Branches:
Dungeon (3/15)

Altars:
Gozag


Innate Abilities, Weirdness & Mutations

You are resistant to torment.
Your stone body is resilient (AC +4).
You are immune to poison.
You resist negative energy.
You are resistant to electric shocks.
You can survive without breathing.
You are immune to petrification.
You are immune to rotting.


Message History

You found a teleport trap!
e - 4 bread rations {@e1} (gained 1) No target in view!
You now have 123 gold pieces (gained 9).
Key pressed, stopping explore.
An orc wizard comes into view. It is wielding a dagger of protection.
The orc wizard shouts!
The orc wizard moves out of view.
Health restored: 32 An orc wizard is nearby!
An orc comes into view.
The orc shouts!
You block the orc wizard's attack. 2 orcs come into view.
You miss the orc wizard.
The orc shouts! x2
The orc wizard hits you but does no damage.
The orc moves out of view.
You hit the orc wizard but do no damage.
The orc wizard hits you but does no damage. x2
You closely miss the orc wizard.
The orc wizard points at you and mumbles some strange words.
The magic dart hits you!
An orc priest comes into view. It is wielding a club.
You take 5 damage, and have 27/32 hp.
You closely miss the orc wizard.
The orc priest shouts!
The orc priest moves out of view.
You block the orc wizard's attack.
You thump the orc wizard!
The orc wizard is severely wounded.
You block the orc wizard's attack. The orc hits you but does no damage.
You thump the orc wizard!
You kill the orc wizard!
Your Maces & Flails skill increases to level 6!
The orc hits you but does no damage.
You barely miss the orc. You hit the orc.
The orc is moderately wounded.
You barely miss the orc.
The orc is moderately wounded.
The orc hits you but does no damage.
You thump the orc!
You kill the orc!
You hit the orc priest.
The orc priest is moderately wounded.
The orc priest calls down the wrath of Beogh upon you.
Pain shoots through your body! The orc priest closely misses you.
You are too injured to fight recklessly!
You take 13 damage, and have 15/32 hp.
O_OOPS!!
MASSIVE DAMAGE!!
You are too injured to fight recklessly!
You are too injured to fight recklessly!
You are too injured to fight recklessly!
You are too injured to fight recklessly!
You are too injured to fight recklessly!
You are too injured to fight recklessly!
You are too injured to fight recklessly!
You are too injured to fight recklessly!
You are too injured to fight recklessly!
You are too injured to fight recklessly!
You are too injured to fight recklessly!
You are too injured to fight recklessly!
You are too injured to fight recklessly!
You are too injured to fight recklessly!
You are too injured to fight recklessly!
You are too injured to fight recklessly!
You are too injured to fight recklessly!
You are too injured to fight recklessly!
You are too injured to fight recklessly!
You are too injured to fight recklessly!
You are too injured to fight recklessly!
You are too injured to fight recklessly!
You are too injured to fight recklessly!
You are too injured to fight recklessly!
You are too injured to fight recklessly!
Your shield prevents you from hitting the orc priest.
The orc priest is moderately wounded.
You block the orc priest's attack.
You closely miss the orc priest.
The orc priest is moderately wounded.
The orc hits you but does no damage.
The orc priest calls down the wrath of Beogh upon you.
Pain shoots through your body!
* * * LOW HITPOINT WARNING * * *
You take 6 damage, and have 9/32 hp.
You barely miss the orc priest.
The orc priest is moderately wounded.
The orc barely misses you. You block the orc priest's attack.
You block the orc's attack.
You closely miss the orc priest.
The orc priest is moderately wounded.
You block the orc priest's attack. You block the orc's attack.
You hit the orc priest.
The orc priest is severely wounded.
The orc priest hits you but does no damage.
You block the orc's attack.
Your shield prevents you from hitting the orc priest.
The orc priest is severely wounded.
The orc priest mumbles some strange prayers to Beogh against you.
Pain shoots through your body!
You die...

..█ █.....█ █.██..... ..██████
███...█████..█████. .......██
█....██ █....█ ██ ..████..█
█...██ █....█ ..█ ██.█ ██..[█
██..██ .██ █.██ █..█.█ ██.██ ..█
█..█████.██.█ █████).█████ █.█
██.......██.█ █..().....█. █.█
█████..oo@.█ █.........█. █.█
█..█.██o█ █........... █.█
█.██.)..████.........). █.█
.......█<.██.......<..█. █.██
██......██.......>.....█. █..█
.........███...........██ ██.███
██........o............███
█...███.^.██.██████.............
█.........█..█ █..........█..█.


You could see an orc priest and 2 orcs.

Vanquished Creatures
  3 orc wizards (D:3)
  2 orc priests (D:3)
  3 adders
  2 giant geckos
  4 orcs (D:3)
  5 bats
  A giant cockroach (D:1)
  6 hobgoblins
  3 jackals (D:2)
  7 kobolds
  A quokka (D:2)
  2 ball pythons (D:2)
  7 giant newts
  6 goblins
  4 rats
56 creatures vanquished.

Notes
Turn   | Place    | Note
--------------------------------------------------------------
     0 | D:1      | Goblin1989 the Gargoyle Fighter began the quest for the Orb.
     0 | D:1      | Reached XP level 1. HP: 14/14 MP: 1/1
   130 | D:1      | Reached XP level 2. HP: 19/19 MP: 2/2
   584 | D:2      | Reached XP level 3. HP: 23/23 MP: 3/3
   648 | D:2      | Reached skill level 4 in Maces & Flails
   898 | D:2      | Reached XP level 4. HP: 28/28 MP: 4/4
  1059 | D:3      | Found an opulent altar of Gozag.
  1117 | D:3      | Reached skill level 5 in Maces & Flails
  1117 | D:3      | Reached XP level 5. HP: 22/32 MP: 5/5
  1446 | D:3      | Reached skill level 6 in Maces & Flails
  1459 | D:3      | Killed from afar by an orc priest

Action                   |  1- 3 |  4- 6 || total
-------------------------+-------+-------++-------
Melee: Flail             |   129 |    92 ||   221
  Eat: Chunk             |       |     2 ||     2

Vault maps used:
D:1:      saegor_arrival_simple_a
D:3:      demons_altar, nicolae_gozag_seed_capital
